AoeStats
← Spookball

Arabia

509691643Analyzed
1v1 RM · 5d ago on Sep 27, 2026· 48m 20s· 2 players
Game mode
Random Map
Map size
Tiny (2 player)
Population
200
Speed
Normal
Resources
Standard
Victory
Conquest
Starting age
Dark Age
Ending age
Imperial Age
RankedLock teamsTeams togetherTeam positionsShared explorationLock speedFull tech treeHidden civsTurbo modeCheats
Victory
Defeat
🇬🇧 Saxons · United Kingdom
447
+17
🇬🇧 Inca · United Kingdom
461
-17
stevenkelly8
13:49 Feudal Age
13:02 Loom
14:17 Horse Collar
14:25 Double-Bit Axe
16:24 Man-at-Arms
21:08 Castle Age
20:25 Arson
20:52 Gold Mining
22:14 Bow Saw
23:56 Wheelbarrow
27:02 Thumb Ring
26:19 Elite Skirmisher
29:05 Gambesons
30:33 Hand Cart
31:10 Scale Mail Armor
31:21 Forging
38:22 Imperial Age
40:24 Hoardings
39:15 Shield Wall
40:47 Long Swordsman
41:41 Squires
41:07 Capped Ram
42:51 Crossbowman
42:53 Cranequins
44:58 Town Watch
46:14 Masonry
47:06 Chemistry
46:03 Murder Holes
46:19 Padded Archer Armor
46:36 Chain Mail Armor
Spookball
10:22 Loom
12:22 Feudal Age
12:55 Horse Collar
13:01 Double-Bit Axe
16:41 Wheelbarrow
16:45 Forging
17:09 Scale Mail Armor
17:01 Fletching
17:21 Padded Archer Armor
17:35 Gold Mining
18:27 Champi Runner
22:58 Castle Age
24:24 Iron Casting
24:04 Chain Mail Armor
23:54 Bodkin Arrow
24:34 Elite Skirmisher
25:20 Thumb Ring
25:50 Champi Warrior
30:42 Leather Archer Armor
35:25 Hand Cart
38:28 Imperial Age
41:51 Chemistry
41:12 Ballistics
41:05 Masonry
40:51 Murder Holes
42:03 Blast Furnace
41:33 Plate Mail Armor
41:40 Elite Champi Warrior
44:48 Bracer
47:05 Squires
46:51 Arson
47:42 Ring Archer Armor
46:55 Treadmill Crane
Connection lost

Rejoining the realm…

Still unreachable

The connection could not be restored.

Session expired

The server has moved on; the page needs a fresh start.